 Dungeon Crawl Stone Soup version 0.27.1-34-g3ba077fa99 (webtiles) character file.

Game seed: 14563272419289858324

23 chibimon the Conjurer (level 2, 0/23 HPs)
             Began as a Draconian Conjurer on Jan 4, 2022.
             Slain by a scorpion (6 damage)
             ... on level 3 of the Dungeon.
             The game lasted 00:03:47 (885 turns).

chibimon the Conjurer (Draconian Conjurer)           Turns: 885, Time: 00:03:47

Health: 0/23       AC:  5    Str:  9    XL:     2   Next: 72%
Magic:  4/5        EV: 12    Int: 18    God:
Gold:   32         SH:  0    Dex:  9    Spells: 4/5 levels left

rFire    . . .     SeeInvis .   i - +0 long sword
rCold    . . .     Faith    .   (no shield)
rNeg     . . .     Spirit   .   (armour unavailable)
rPois    .         Reflect  .   (helmet restricted)
rElec    .         Harm     .   (no cloak)
rCorr    .         Rampage  .   (no gloves)
Will     .....                  c - +0 pair of boots
Stlth    ++........             (no amulet)
HPRegen  0.07/turn              (no ring)
MPRegen  0.09/turn              (no ring)

@: no status effects
A: AC +4, unfitting armour, cold-blooded
a: no special abilities


You were on level 3 of the Dungeon.
You visited 1 branch of the dungeon, and saw 4 of its levels.

You collected 32 gold pieces.

Inventory:

Hand Weapons
 a - a +0 dagger
 i - a +0 long sword (weapon)
Armour
 c - a +0 pair of boots (worn)
Scrolls
 g - 2 scrolls of holy word
 h - a scroll of identify {unknown}
Potions
 b - a potion of haste {unknown}
 f - a potion of flight {unknown}


   Skills:
 + Level 1.0 Fighting
 + Level 2.0 Dodging
 + Level 2.1 Stealth
 + Level 2.2 Spellcasting
 + Level 4.1 Conjurations


You had 4 spell levels left.
You knew the following spells:

 Your Spells              Type           Power      Damage    Failure   Level
a - Magic Dart            Conj           68%        1d6       3%          1

Your spell library contained the following spells:

 Spells                   Type           Power      Damage    Failure   Level
 Searing Ray              Conj           34%        3d4       4%          2
 Dazzling Flash           Conj/Hex       18%        N/A       22%         3
 Fulminant Prism          Conj/Hex       4%         3d6       58%         4
 Iskenderun's Mystic Bla  Conj/Tloc      9%         2d4       58%         4


Dungeon Overview and Level Annotations

Branches:
Dungeon (4/15)
 Temple: D:4-7

Altars:


Innate Abilities, Weirdness & Mutations

Your plain brown scales are hard. (AC +4)
You cannot fit into any form of body armour.
You are cold-blooded and may be slowed by cold attacks.


Message History

The worm bites you!
* * * LOW HITPOINT WARNING * * *
Found a scroll labelled NAD PI UMU.
Casting: Magic Dart (safe; 3% risk of failure)
Confirm with . or Enter, or press ? or * to list all spells.
Aiming: Magic Dart (safe; 3% risk of failure)
Press: ? - help, Shift-Dir - straight line, f/p - worm
Aim: a worm (100% to hit)
The magic dart hits the worm.
The worm is lightly wounded.
You fall into a shaft and drop 2 floors!
The shaft crumbles and collapses.
Found a scroll labelled PILUIL DEUS.
Found a stone staircase leading up.
A scorpion comes into view.
There is a stone staircase leading up here.
The scorpion closely misses you.
The scorpion stings you but does no damage.
You climb upwards.
Found 19 arrows and a leather armour.
There is a stone staircase leading down here.
As you read the scroll labelled VAQUNNESYO, it crumbles to dust.
You speak a Word of immense power!
It was a scroll of holy word.
The scorpion stings you but does no damage.
As you read the scroll labelled PILUIL DEUS, it crumbles to dust.
The scroll dissolves into smoke.
It was a scroll of fog.
The scorpion barely misses you.
You riposte.
You hit the scorpion but do no damage.
Casting: Magic Dart (safe; 3% risk of failure)
Confirm with . or Enter, or press ? or * to list all spells.
Okay, then.
As you read the scroll labelled OKONYK XELLY, it crumbles to dust.
It is a scroll of amnesia.
Really abort (and waste the scroll)?
Uppercase [Y]es or [N]o only, please.
Really abort (and waste the scroll)?
Okay, then.
The scorpion stings you.
Bones file is buggy: /crawl-master/crawl-0.27/saves/bones/bones.store.D-3 Clearing bad bones file: /crawl-master/crawl-0.27/saves/bones/bones.store.D-3 You die...

###########
#.........#
#.........#
#.§§§§§§..#
#.§§§§§§..###
#.@s§§§§.....
#.§§§§§§(.###
#....§.§..#
#.........#
.........[.#
............#
.............
.........#####


You could see a scorpion.

Vanquished Creatures
  An adder (D:2)
  A dart slug (D:2)
  A goblin (D:1)
  4 hobgoblins
  A ball python (D:2)
  2 frilled lizards (D:2)
  A kobold (D:2)
  A rat (D:2)
12 creatures vanquished.

Vanquished Creatures (others)
  4 fungi (D:2)
  9 plants (D:2)
13 creatures vanquished.

Grand Total: 25 creatures vanquished

Notes
Turn   | Place    | Note
-------+----------+-------------------------------------------
     0 | D:1      | chibimon the Draconian Conjurer began the quest for the
                  | Orb.
     0 | D:1      | Reached XP level 1. HP: 14/14 MP: 3/3
   447 | D:2      | Reached XP level 2. HP: 22/22 MP: 0/5
   819 | D:2      | Found a faded altar of an unknown god.
   859 | D:2      | Reached skill level 1 in Fighting
   873 | D:2      | You fall into a shaft and drop 2 floors!
   874 | D:4      | Noticed a scorpion
   885 | D:3      | Slain by a scorpion

Illustrated notes

Levels and vault maps discovered:
D:1:      minmay_arrival_stair_chambers, layout_basic
D:2:      layout_basic, dreamdust_ecumenical_altar_hidden_monk_grotto,
          serial_bayou_pond_a, minmay_heptomino_h4, uniq_terence
D:3:      layout_basic, nicolae_kikubaaqudgha_miasma_corner, serial_shops,
          nicolae_shop_temple_entry_statues_fountains, grunt_decor_one_mirror
D:4:      layout_layer_cave, minitemple, minmay_strange_pillars,
          chequers_serial_rivers_micro_a, nicolae_stop_n_shop_2, goddamned_bats

Skill      XL: |  1  2 |
---------------+-------+-----
Stealth        | 2 |  2.1
Dodging        | 2 |  2.0
Fighting       | 1 |  1.0
Spellcasting   | |  2.2
Conjurations   | |  4.1

Action                   || total
-------------------------++-------
Melee: Dagger            ||    29
       Unarmed           ||    10
       Tailslap          ||     7
       Long sword        ||     8
 Cast: Magic Dart        ||    20
  Use: Scroll            ||     3
Armor: Skin              ||    10
Dodge: Dodged            ||    25
       Rpst.: Long sword ||     2
